 Dungeon Sprint DCSS version 0.30-a0-364-gf6b3ef1049 (webtiles) character file.

Game seed: 12720936754932559348

167028 rocky1 the Skullcrusher (level 15, -2/173 HPs)
             Began as a Minotaur Fighter on Nov 15, 2022.
             Was an Initiate of Gozag.
             Slain by rocky1's illusion (illusionary) (7 damage)
             ... woven by Mara
             ... in the Dungeon (Sprint IX: "|||||||||||||||||||||||||||||").
             The game lasted 00:30:12 (4805 turns).

rocky1 the Skullcrusher (Minotaur Fighter)          Turns: 4805, Time: 00:30:13

Health: -2/173     AC: 33    Str: 32    XL:     15   Next: 87%
Magic:  0/14       EV: 18    Int:  5    God:    Gozag
Gold:   585        SH:  9    Dex: 18    Spells: 14/14 levels left

rFire   + + .      SeeInvis .    m - +2 morningstar (vorpal)
rCold   + + +      Faith    .    c - +0 buckler
rNeg    + + .      Spirit   +    P - +5 plate armour "Kidokeg" {rC+ Str+7 Dex-3}
rPois   +          Reflect  .    O - -2 hat of the Alchemist {rElec rPois rF+ rC+ rN+ Will+ rMut rCorr}
rElec   +          Harm     .    K - +2 cloak of Pixza {Dex+4}
rCorr   +          Rampage  .    J - +0 pair of gloves {Stlth+}
rMut    +          NoTele   +    I - +1 pair of boots {Stlth+}
Will    ++...                    t - amulet of Uveczopi {Spirit +Inv rN+ Regen+ Dex+4}
Stlth   +++.......               u - +2 ring of slaying
HPRegen 1.28/turn                E - +2 ring of slaying
MPRegen 0.14/turn

@: lethally poisoned (-2 -> -3), resistant, hasted, very quick
A: horns 2, retaliatory headbutt
}: 4/17 runes: decaying, serpentine, barnacled, gossamer
a: Renounce Religion, Evoke Invisibility, Potion Petition, Call Merchant, Bribe
Branch


You were in the Dungeon.
You worshipped Gozag.
Gozag was pleased with you.
You visited 1 branch You collected 24982 gold pieces.
You spent 10621 gold pieces at shops.
You paid 13776 gold pieces to Gozag.

Inventory:

Hand Weapons
 a - the +6 triple sword "Attar" {holy, rElec}
   (You bought it in a shop in the Dungeon)

   It has been blessed by the Shining One to cause great damage to the undead
   and demons.
   rElec:     It insulates you from electricity.
 d - the +4 great sword of Disgust {drain, rPois Str+4}
   (You bought it in a shop in the Dungeon)

   A truly terrible weapon, it drains the life of any living foe it strikes.
   Str:       It affects your strength (+4).
   rPois:     It protects you from poison.
 m - a +2 vorpal morningstar (weapon)
 n - a +3 morningstar of holy wrath
 o - the +8 trident "Yluplash" {freeze, rC+++ rN+ Int-2 SInv}
   (You bought it in a shop in the Dungeon)

   It freezes those it strikes, dealing additional cold damage.
   It can also slow down cold-blooded creatures.
   Int:       It affects your intelligence (-2).
   rC:        It renders you almost immune to cold.
   rN:        It protects you from negative energy.
   SInv:      It lets you see invisible.
 H - a +1 vampiric long sword
 S - the +7 great mace "Firestarter" {inner flame, rF++}
   (You bought it in a shop in the Dungeon)

   It burns those it strikes, dealing additional fire damage.
   It fills those it strikes with an explosive inner flame.
   It grants immunity to clouds of flame.
   rF:        It greatly protects you from fire.
 T - the +6 dire flail of Fetwib {vamp, *Noise rCorr Str+2 Dex+4}
   (You bought it in a shop in the Dungeon)

   It occasionally heals its wielder for a portion of the damage dealt when it
   wounds a living foe.
   Str:       It affects your strength (+2).
   Dex:       It affects your dexterity (+4).
   *Noise:    It may make noises in combat.
   rCorr:     It protects you from acid and corrosion.
Missiles
 b - 4 curare-tipped darts (quivered)
 s - 5 silver javelins
 R - 4 javelins
Armour
 c - a +0 buckler (worn)
 F - +0 swamp dragon scales
 I - a +1 pair of boots of stealth (worn)
 J - a +0 pair of gloves of stealth (worn)
 K - the +2 cloak of Pixza (worn) {Dex+4}
   (You bought it in a shop in the Dungeon)

   Dex:       It affects your dexterity (+4).
 L - a +1 hat
 O - the -2 hat of the Alchemist (worn) {rElec rPois rF+ rC+ rN+ Will+ rMut rCorr}
   (You bought it in a shop in the Dungeon)

   rF:        It protects you from fire.
   rC:        It protects you from cold.
   rElec:     It insulates you from electricity.
   rPois:     It protects you from poison.
   rN:        It protects you from negative energy.
   rCorr:     It protects you from acid and corrosion.
   rMut:      It protects you from mutation.
   Will:      It increases your willpower.
 P - the +5 plate armour "Kidokeg" (worn) {rC+ Str+7 Dex-3}
   (You bought it in a shop in the Dungeon)

   Str:       It affects your strength (+7).
   Dex:       It affects your dexterity (-3).
   rC:        It protects you from cold.
 Q - a +0 cloak of preservation
Jewellery
 p - a ring of willpower
 q - a ring of see invisible
 t - the amulet of Uveczopi (around neck) {Spirit +Inv rN+ Regen+ Dex+4}
   (You bought it in a shop in the Dungeon)

   [amulet of guardian spirit]

   It causes incoming damage to be divided between your reserves of health and
   magic.
   Dex:       It affects your dexterity (+4).
   rN:        It protects you from negative energy.
   +Inv:      It lets you turn invisible.
   Regen:     It increases your rate of health regeneration.
 u - a +2 ring of slaying (left hand)
 v - an amulet of regeneration
 B - a ring of wizardry
 D - a ring of protection from cold
 E - a +2 ring of slaying (right hand)
 G - a +2 ring of slaying
Wands
 l - a wand of roots (10)
 w - a wand of flame (16)
Scrolls
 g - a scroll of fog
 i - 8 scrolls of enchant weapon
 j - 4 scrolls of blinking
 k - 2 scrolls of amnesia
 r - 5 scrolls of identify
 y - 3 scrolls of enchant armour
 N - 2 scrolls of fear
Potions
 e - 12 potions of curing
 f - 6 potions of heal wounds
 h - 5 potions of magic
 z - 5 potions of mutation
 A - 3 potions of lignification
 C - a potion of resistance
 M - a potion of haste
Miscellaneous
 x - a condenser vane


   Skills:
 + Level 26.4 Fighting
 + Level 16.9 Long Blades
 O Level 27 Maces & Flails
 + Level 24.5 Armour
 + Level 17.2 Dodging
 - Level 11.9 Stealth
 + Level 18.3 Shields
 - Level 10.9 Evocations


You had 14 spell levels left.
You didn't know any spells.
Your spell library contained the following spells:

 Spells                   Type           Power      Damage    Failure   Level
 Alistair's Intoxication  Tmut/Pois      0%         N/A       100%        5
 Borgnjor's Vile Clutch   Necr/Erth      0%         N/A       100%        5
 Eringya's Noxious Bog    Tmut/Pois      0%         N/A       100%        6


Dungeon Overview and Level Annotations

Branches:
Dungeon (1/1)

Altars:
Cheibriados
Dithmenos
Elyvilon
Fedhas
Gozag
Hepliaklqana
Kikubaaqudgha
Makhleb
Nemelex Xobeh
Okawaru
Qazlal
Ru
Sif Muna
Trog
Uskayaw
Vehumet
Wu Jian
Xom
Yredelemnul
Zin
The Shining One
Jiyva
Lugonu

Shops:
D =((*(([=[

Annotations:
D Mara


Innate Abilities, Weirdness & Mutations

You have a pair of horns on your head.
You reflexively headbutt those who attack you in melee.


Message History

Mara is severely wounded.
You feel sick.
You are no longer poisoned.
Rocky1's illusion no longer looks unusually strong.
You block rocky1's illusion's attack.
You perforate Mara like a sieve!!!
You kill Mara!
Mara shimmers and vanishes!
You feel a little less mighty now. Mara barely misses you.
Mara weaves an illusion.
Mara shimmers and seems to become two!
Mara blinks! x2; Rocky1's illusion hits you!!
* * * LOW HITPOINT WARNING * * *
x2 Unknown command.
You feel much better.
Unknown command.
Mara hits you from afar with a +1 demon trident of venom.
* * * LOW HITPOINT WARNING * * *
Mara says, "I stand as high above you as a star above the ocean's bottom."
Mara blinks!
Mara hits you with a +1 demon trident of venom!
* * * LOW HITPOINT WARNING * * *
You impale Mara!! Your headbutt misses Mara.
Mara is moderately wounded.
Rocky1's illusion hits you!!
* * * LOW HITPOINT WARNING * * *
x2 Unknown command.
You feel much better. Rocky1's illusion closely misses you.
You furiously retaliate!
You headbutt rocky1's illusion!! Mara hits you but does no damage.
You are poisoned.
Mara completely misses you.
Unknown command.
You perforate Mara like a sieve!!!
Mara is almost dead.
You feel sick. Rocky1's illusion hits you!!
* * * LOW HITPOINT WARNING * * *
You die...
Your body crumbles into a pile of gold.

$ $ $
▓▓▓▓▓▓▓▓▓▓▓▓▓▓▓▓▓▓▓▓▓▓▓▓▓▓
R...$§.........R@@R.R§...▓
♣♣♣♣♣♣▓▓▓▓▓▓▓▓▓▓▓▓▓▓▓▓▓▓.▓
......'.............'....▓
♣♣♣♣♣♣▓▓▓▓▓▓▓▓▓▓▓▓▓▓▓▓▓▓▓▓
............).........∩..▓
▓▓▓▓▓▓▓▓▓▓▓▓▓▓▓▓▓▓▓▓▓▓▓▓.▓
..............'..........▓
▓▓▓▓▓▓▓▓▓▓▓▓▓▓▓▓▓▓▓▓▓▓▓▓▓▓
.))......................▓


You could see 3 Maras and rocky1's illusion (fast, very poisoned).

Vanquished Creatures
  Sojobo (D)
  A caustic shrike (D)
  Nikola (D)
  2 tengu reavers (D)
  2 nagarajas (D)
  Ilsuiw (D)
  2 vault wardens (D)
  3 ghost moths (D)
  2 frost giants (D)
  4 emperor scorpions (D)
  Louise (D)
  3 ironbound preservers (D)
  5 stone giants (D)
  6 very ugly things (D)
  A broodmother (D)
  An eleionoma (D)
  3 merfolk javelineers (D)
  4 merfolk impalers (D)
  4 ettins (D)
  A fire dragon (D)
  A shambling mangrove (D)
  A yaktaur captain (D)
  An entropy weaver (D)
  A great orb of eyes (D)
  2 ice dragons (D)
  A ghost crab (D)
  2 spriggan air magi (D)
  6 hydras (D)
  An ironbound frostheart (D)
  A merfolk avatar (D)
  5 ogre magi (D)
  An anaconda (D)
  3 catoblepae (D)
  A radroach (D)
  A boulder beetle (D)
  Erica (D)
  3 death yaks (D)
  4 merfolk aquamancers (D)
  A centaur warrior (D)
  2 deep troll earth magi (D)
  3 naga warriors (D)
  2 tengu warriors (D)
  An alligator (D)
  Urug (D)
  3 shock serpents (D)
  Sonja (D)
  A vampire mage (D)
  2 pharaoh ants (D)
  An iron troll (D)
  2 deep trolls (D)
  A goliath frog (D)
  A sea snake (D)
  A spriggan druid (D)
  6 swamp dragons (D)
  A glowing orange brain (D)
  6 orc knights (D)
  3 ironbound convokers (D)
  A naga ritualist (D)
  A wizard (D)
  3 necromancers (D)
  A deep elf pyromancer (D)
  A cyclops (D)
  2 wolf spiders (D)
  A manticore (D)
  2 ugly things (D)
  5 moths of wrath (D)
  A water nymph (D)
  2 guardian serpents (D)
  4 cane toads (D)
  A vault sentinel (D)
  A gargoyle (D)
  5 black mambas (D)
  6 naga magi (D)
  A demonic crawler (D)
  A kobold demonologist (D)
  A rime drake (D)
  A tengu conjurer (D)
  3 trolls (D)
  A meliai (D)
  A hornet (D)
  4 merfolk (D)
  2 slime creatures (D)
  A tarantella (D)
  A snapping turtle (D)
  2 jumping spiders (D)
  A culicivora (D)
  5 yaks (D)
  A spriggan (D)
  A wraith (D)
  A water elemental (D)
  Grum (D)
  3 redbacks (D)
  2 nagas (D)
  An acid dragon (D)
  5 water moccasins (D)
  A swamp drake (D)
  10 orc warriors (D)
  An ice beast (D)
  4 wolves (D)
  An ogre (D)
  A phantom (D)
  3 bullfrogs (D)
  A wight (D)
  2 killer bees (D)
  3 orc priests (D)
  4 orc wizards (D)
  2 adders (D)
  6 orcs (D)
  An endoplasm (D)
  A jackal (D)
  A ball python (D)
  A bat (D)
  A frilled lizard (D)
244 creatures vanquished.

Vanquished Creatures (others)
  A hydra (D)
  A spriggan druid (D)
  An orc priest (D)
3 creatures vanquished.

Grand Total: 247 creatures vanquished

Notes
Turn   | Place    | Note
-------+----------+-------------------------------------------
     0 | D        | rocky1 the Minotaur Fighter began the quest for the Orb.
     0 | D        | Reached XP level 1. HP: 19/19 MP: 0/0
    20 | D        | Noticed an ice beast
    20 | D        | Noticed an ogre
    20 | D        | Noticed a phantom
    27 | D        | Killed an ice beast
    28 | D        | Reached skill level 5 in Maces & Flails
    28 | D        | Reached XP level 2. HP: 22/31 MP: 1/1
    28 | D        | Reached XP level 3. HP: 27/38 MP: 2/2
    28 | D        | Reached XP level 4. HP: 32/45 MP: 3/3
    30 | D        | Killed an ogre
    31 | D        | Reached skill level 6 in Maces & Flails
    31 | D        | Reached XP level 5. HP: 38/52 MP: 4/4
    36 | D        | Killed a phantom
    37 | D        | Reached skill level 7 in Maces & Flails
    37 | D        | Reached XP level 6. HP: 43/61 MP: 5/5
   136 | D        | Found a snail-covered altar of Cheibriados.
   136 | D        | Found a shadowy altar of Dithmenos.
   136 | D        | Found a white marble altar of Elyvilon.
   136 | D        | Found a blossoming altar of Fedhas.
   136 | D        | Found an opulent altar of Gozag.
   137 | D        | Found a hazy altar of Hepliaklqana.
   138 | D        | Found a viscous altar of Jiyva.
   139 | D        | Found an ancient bone altar of Kikubaaqudgha.
   140 | D        | Found a corrupted altar of Lugonu.
   141 | D        | Found a burning altar of Makhleb.
   142 | D        | Found a sparkling altar of Nemelex Xobeh.
   143 | D        | Found an iron altar of Okawaru.
   144 | D        | Became a worshipper of Gozag Ym Sagoz the Greedy
   145 | D        | Found a stormy altar of Qazlal.
   146 | D        | Found a sacrificial altar of Ru.
   147 | D        | Found a shimmering blue altar of Sif Muna.
   148 | D        | Found a bloodstained altar of Trog.
   149 | D        | Found a hide-covered altar of Uskayaw.
   150 | D        | Found a radiant altar of Vehumet.
   151 | D        | Found an ornate altar of the Wu Jian Council.
   152 | D        | Found a shimmering altar of Xom.
   153 | D        | Found a basalt altar of Yredelemnul.
   154 | D        | Found a glowing silver altar of Zin.
   155 | D        | Found a glowing golden altar of the Shining One.
   300 | D        | Noticed an acid dragon
   313 | D        | Killed an acid dragon
   314 | D        | Reached skill level 8 in Maces & Flails
   314 | D        | Reached skill level 10 in Armour
   314 | D        | Reached skill level 1 in Dodging
   315 | D        | Reached skill level 9 in Maces & Flails
   325 | D        | Reached skill level 1 in Stealth
   325 | D        | Reached XP level 7. HP: 34/70 MP: 6/6
   445 | D        | Noticed a meliai
   445 | D        | Noticed a kobold demonologist
   445 | D        | Noticed a centaur warrior
   445 | D        | Noticed a gargoyle
   445 | D        | Noticed a wraith
   445 | D        | Noticed a catoblepas
   447 | D        | Noticed a red devil
   449 | D        | Killed a meliai
   450 | D        | Reached skill level 10 in Maces & Flails
   458 | D        | Killed a kobold demonologist
   459 | D        | Reached skill level 10 in Fighting
   459 | D        | Reached skill level 11 in Maces & Flails
   459 | D        | Reached XP level 8. HP: 22/79 MP: 7/7
   463 | D        | Killed a centaur warrior
   464 | D        | Reached skill level 13 in Maces & Flails
   466 | D        | Killed a catoblepas
   467 | D        | Reached skill level 14 in Maces & Flails
   467 | D        | Reached skill level 10 in Shields
   467 | D        | Reached XP level 9. HP: 54/89 MP: 8/8
   469 | D        | Killed a gargoyle
   470 | D        | Reached skill level 15 in Maces & Flails
   738 | D        | Noticed a cane toad
   738 | D        | Noticed a black mamba
   741 | D        | Killed a cane toad
   742 | D        | Killed a black mamba
   743 | D        | Reached skill level 16 in Maces & Flails
   751 | D        | Noticed a cane toad
   763 | D        | Killed a cane toad
   764 | D        | Reached skill level 17 in Maces & Flails
   764 | D        | Reached XP level 10. HP: 91/99 MP: 9/9
   794 | D        | Noticed a cane toad
   794 | D        | Noticed a cane toad
   798 | D        | Killed a cane toad
   799 | D        | Noticed a black mamba
   799 | D        | Noticed a black mamba
   805 | D        | Reached skill level 15 in Armour
   818 | D        | Killed a cane toad
   819 | D        | Reached skill level 18 in Maces & Flails
   822 | D        | Killed a black mamba
   827 | D        | Killed a black mamba
   831 | D        | Reached skill level 5 in Stealth
  1054 | D        | Noticed a death yak
  1054 | D        | Noticed a death yak
  1054 | D        | Noticed a catoblepas
  1054 | D        | Noticed a death yak
  1060 | D        | Killed a death yak
  1062 | D        | Noticed a catoblepas
  1090 | D        | Killed a death yak
  1091 | D        | Reached skill level 19 in Maces & Flails
  1110 | D        | Killed a catoblepas
  1111 | D        | Reached XP level 11. HP: 74/111 MP: 10/10
  1114 | D        | Killed a death yak
  1119 | D        | Killed a catoblepas
  1120 | D        | Reached skill level 15 in Fighting
  1256 | D        | Bought the amulet of Uveczopi {Spirit +Inv rN+ Regen+
                  | Dex+4} for 679 gold pieces
  1256 | D        | Bought the ring "Neocalut" {rPois rN+ Int-2 Dex+6} for 566
                  | gold pieces
  1392 | D        | Noticed Erica
  1405 | D        | Killed Erica
  1442 | D        | Noticed Grum
  1450 | D        | Killed Grum
  1493 | D        | Noticed an orc knight
  1500 | D        | Killed an orc knight
  1501 | D        | Reached skill level 5 in Dodging
  1570 | D        | Noticed an orc knight
  1570 | D        | Noticed an orc knight
  1587 | D        | Killed an orc knight
  1588 | D        | Reached skill level 20 in Maces & Flails
  1590 | D        | Killed an orc knight
  1651 | D        | Found Kuboyczy's Assorted Antiques.
  1651 | D        | Noticed an ogre mage
  1651 | D        | Noticed an ogre mage
  1651 | D        | Noticed a deep troll
  1656 | D        | Noticed an ogre mage
  1656 | D        | Noticed a deep troll
  1658 | D        | Killed an ogre mage
  1659 | D        | Reached skill level 1 in Evocations
  1659 | D        | Found Joda's Weapon Shoppe.
  1664 | D        | Killed an ogre mage
  1666 | D        | Noticed an iron troll
  1668 | D        | Killed a deep troll
  1669 | D        | Found Etyfug's Distillery.
  1679 | D        | Killed an ogre mage
  1680 | D        | Reached XP level 12. HP: 120/125 MP: 8/11
  1680 | D        | Found Mopeovut's Distillery.
  1685 | D        | Reached skill level 21 in Maces & Flails
  1696 | D        | Noticed an ogre mage
  1701 | D        | Noticed a stone giant
  1702 | D        | Noticed an ogre mage
  1703 | D        | Noticed a stone giant
  1708 | D        | Killed an ogre mage
  1717 | D        | Killed a stone giant
  1724 | D        | Killed a stone giant
  1725 | D        | Reached skill level 5 in Evocations
  1737 | D        | Killed an ogre mage
  1785 | D        | Bought a condenser vane for 680 gold pieces
  1785 | D        | Bought a scroll labelled QITTOU ELUI for 17 gold pieces
  1785 | D        | Bought a potion of curing for 51 gold pieces
  1789 | D        | Bought a potion of mutation for 96 gold pieces
  1789 | D        | Bought a potion of curing for 36 gold pieces
  1789 | D        | Bought a potion of curing for 36 gold pieces
  1789 | D        | Bought a potion of curing for 36 gold pieces
  1789 | D        | Bought a potion of magic for 96 gold pieces
  1789 | D        | Bought a potion of lignification for 36 gold pieces
  1791 | D        | Bought a potion of lignification for 33 gold pieces
  1791 | D        | Bought a potion of heal wounds for 55 gold pieces
  1791 | D        | Bought a potion of degeneration for 11 gold pieces
  1791 | D        | Bought a potion of mutation for 88 gold pieces
  1791 | D        | Bought a potion of curing for 33 gold pieces
  1791 | D        | Bought a potion of heal wounds for 55 gold pieces
  1791 | D        | Bought a potion of resistance for 110 gold pieces
  1791 | D        | Bought a potion of heal wounds for 55 gold pieces
  1864 | D        | Noticed Sonja
  1870 | D        | Killed Sonja
  1967 | D        | Noticed a tengu warrior
  1967 | D        | Noticed a tengu warrior
  1978 | D        | Noticed a boulder beetle
  1979 | D        | Killed a tengu warrior
  1980 | D        | Reached skill level 22 in Maces & Flails
  1994 | D        | Noticed a vampire mage
  1997 | D        | Killed a tengu warrior
  2005 | D        | Reached skill level 10 in Stealth
  2008 | D        | Noticed a stone giant
  2009 | D        | Noticed a green very ugly thing
  2014 | D        | Killed a vampire mage
  2018 | D        | Noticed an ice dragon
  2021 | D        | Killed a stone giant
  2027 | D        | Killed a green very ugly thing
  2037 | D        | Killed a boulder beetle
  2038 | D        | Reached XP level 13. HP: 126/138 MP: 12/12
  2043 | D        | Reached skill level 23 in Maces & Flails
  2093 | D        | Bought a pair of embroidered boots for 270 gold pieces
  2093 | D        | Bought a pair of embroidered gloves for 270 gold pieces
  2093 | D        | Bought a spiked cloak for 342 gold pieces
  2093 | D        | Identified the +2 cloak of Pixza {Dex+4} (You bought it in
                  | a shop in the Dungeon)
  2165 | D        | Bought an iridescent great sword for 356 gold pieces
  2165 | D        | Identified the +4 great sword of Disgust {drain, rPois
                  | Str+4} (You bought it in a shop in the Dungeon)
  2240 | D        | Noticed a merfolk impaler
  2280 | D        | Killed a merfolk impaler
  2485 | D        | Noticed a broodmother
  2496 | D        | Killed a broodmother
  2497 | D        | Reached skill level 15 in Shields
  2514 | D        | Reached skill level 10 in Evocations
  2574 | D        | Reached skill level 24 in Maces & Flails
  2602 | D        | Noticed a caustic shrike
  2612 | D        | Killed a caustic shrike
  2655 | D        | Noticed a ghost moth
  2663 | D        | Killed a ghost moth
  2798 | D        | Bought a crude triple sword for 645 gold pieces
  2798 | D        | Identified the +6 triple sword "Attar" {holy, rElec} (You
                  | bought it in a shop in the Dungeon)
  2798 | D        | Bought a runed morningstar for 301 gold pieces
  2798 | D        | Bought a brightly glowing trident for 365 gold pieces
  2798 | D        | Identified the +8 trident "Yluplash" {freeze, rC+++ rN+
                  | Int-2 SInv} (You bought it in a shop in the Dungeon)
  2809 | D        | Reached skill level 1 in Long Blades
  2918 | D        | Noticed Urug
  2929 | D        | Killed Urug
  2957 | D        | Reached XP level 14. HP: 152/152 MP: 13/13
  3017 | D        | Noticed a brown very ugly thing
  3017 | D        | Noticed a frost giant
  3018 | D        | Noticed a cyan very ugly thing
  3021 | D        | Noticed a stone giant
  3026 | D        | Killed a brown very ugly thing
  3036 | D        | Killed a frost giant
  3039 | D        | Reached skill level 5 in Long Blades
  3057 | D        | Killed a cyan very ugly thing
  3068 | D        | Noticed a frost giant
  3078 | D        | Killed a stone giant
  3096 | D        | Reached skill level 10 in Dodging
  3098 | D        | Noticed a cyan very ugly thing
  3102 | D        | Killed a frost giant
  3103 | D        | Reached skill level 25 in Maces & Flails
  3107 | D        | Noticed a stone giant
  3121 | D        | Killed a cyan very ugly thing
  3128 | D        | Killed a stone giant
  3219 | D        | Noticed a vault warden
  3220 | D        | Noticed a green very ugly thing
  3228 | D        | Noticed an ironbound preserver
  3236 | D        | Killed a vault warden
  3241 | D        | Noticed a red very ugly thing
  3255 | D        | Killed a green very ugly thing
  3261 | D        | Killed an ironbound preserver
  3271 | D        | Killed a red very ugly thing
  3272 | D        | Reached skill level 10 in Long Blades
  3324 | D        | Reached skill level 26 in Maces & Flails
  3324 | D        | Noticed a vault warden
  3334 | D        | Noticed an ironbound preserver
  3338 | D        | Noticed an ironbound preserver
  3351 | D        | Killed an ironbound preserver
  3356 | D        | Killed a vault warden
  3371 | D        | Killed an ironbound preserver
  3681 | D        | Noticed a tengu reaver
  3683 | D        | Noticed Sojobo
  3699 | D        | Noticed a tengu reaver
  3700 | D        | Killed a tengu reaver
  3724 | D        | Paralysed by an air elemental for 1 turns
  3740 | D        | Killed Sojobo
  3741 | D        | Reached XP level 15. HP: 38/166 MP: 9/14
  3747 | D        | Killed a tengu reaver
  4117 | D        | Bought the -2 hat of the Alchemist {rElec rPois rF+ rC+ rN+
                  | Will+ rMut rCorr} for 1416 gold pieces
  4117 | D        | Found the -2 hat of the Alchemist {rElec rPois rF+ rC+ rN+
                  | Will+ rMut rCorr}
  4117 | D        | Bought a smoking plate armour for 840 gold pieces
  4117 | D        | Identified the +5 plate armour "Kidokeg" {rC+ Str+7 Dex-3}
                  | (You bought it in a shop in the Dungeon)
  4141 | D        | Noticed Nikola
  4152 | D        | Killed Nikola
  4226 | D        | Noticed a nagaraja
  4245 | D        | Killed a nagaraja
  4246 | D        | Noticed a nagaraja
  4265 | D        | Killed a nagaraja
  4266 | D        | Reached skill level 27 in Maces & Flails
  4283 | D        | Got a serpentine rune of Zot
  4327 | D        | Noticed Ilsuiw
  4347 | D        | Reached skill level 15 in Dodging
  4357 | D        | Killed Ilsuiw
  4395 | D        | Reached skill level 15 in Long Blades
  4410 | D        | Got a barnacled rune of Zot
  4512 | D        | Got a decaying rune of Zot
  4533 | D        | Bought the +7 great mace "Firestarter" {inner flame, rF++}
                  | for 2705 gold pieces
  4533 | D        | Found the +7 great mace "Firestarter" {inner flame, rF++}
  4533 | D        | Bought an ichor-stained dire flail for 342 gold pieces
  4533 | D        | Identified the +6 dire flail of Fetwib {vamp, *Noise rCorr
                  | Str+2 Dex+4} (You bought it in a shop in the Dungeon)
  4542 | D        | Noticed an emperor scorpion
  4542 | D        | Noticed an emperor scorpion
  4553 | D        | Killed an emperor scorpion
  4559 | D        | Killed an emperor scorpion
  4560 | D        | Noticed an emperor scorpion
  4565 | D        | Noticed an emperor scorpion
  4582 | D        | Killed an emperor scorpion
  4592 | D        | Killed an emperor scorpion
  4613 | D        | Got a gossamer rune of Zot
  4734 | D        | Noticed Louise
  4737 | D        | Noticed Mara
  4740 | D        | Noticed rocky1's illusion
  4746 | D        | Killed Louise
  4789 | D        | Noticed rocky1's illusion
  4805 | D        | HP: 5/173 [rocky1's illusion (illusionary)[Mara] (32)]
  4805 | D        | Slain by rocky1's illusion (illusionary)

Illustrated notes

Levels and vault maps discovered:
D:        linesprint [early_d, line_temple, items_1, d_10, items_2, lair_1,
          lair_end, items_3, orc_1, orc_end, items_4, d_15, swamp_1, shoals_1,
          snake_1, spider_1, d_20, vaults_1, items_5, swamp_end, shoals_end,
          snake_end, spider_end, vaults_end, d_27, items_6, zot_1, zot_end,
          crypt_end, forest_end, elf_end, slime_end, tomb_end, abyss_end,
          pan_hell_end]

Skill      XL: |  1  2  3  4  5  6  7  8  9 10 11 12 13 14 15 |
---------------+----------------------------------------------+-----
Fighting       | 6 7 8 9 10 11 12 14 17 19 21 24 26 | 26.4
Armour         | 6 8 10 11 13 14 16 17 18 19 22 24 | 24.5
Shields        | 6 7 8 9 10 11 12 14 15 18 | 18.3
Maces & Flails | 5 6 7 9 11 14 17 19 20 22 24 26 27 | 27.0
Dodging        | 1 2 3 4 5 8 13 17 | 17.2
Stealth        | 1 2 3 4 6 9 10 11 | 11.9
Evocations     | 3 7 10 | 10.9
Long Blades    | 3 12 16 | 16.9

Action                   |  1- 3 |  4- 6 |  7- 9 | 10-12 | 13-15 || total
-------------------------+-------+-------+-------+-------+-------++-------
Melee: Flail             |    16 |     9 |       |       |       ||    25
       Headbutt          |     2 |     2 |     8 |    67 |   185 ||   264
       Morningstar       |       |    21 |    41 |   272 |   667 ||  1001
Throw: Dart              |       |       |       |       |     2 ||     2
Invok: Potion Petition   |       |       |     1 |     2 |     7 ||    10
       Call Merchant     |       |       |       |     1 |     6 ||     7
 Abil: Evoke Invisibilit |       |       |       |       |     1 ||     1
Evoke: Condenser vane    |       |       |       |       |     1 ||     1
  Use: Potion            |     1 |     1 |     3 |     3 |    13 ||    21
       Scroll            |       |       |       |       |     2 ||     2
 Stab: Invisible         |       |     3 |       |       |       ||     3
       Distracted        |       |       |       |    12 |    24 ||    36
       Petrified         |       |       |       |     3 |       ||     3
       Petrifying        |       |       |       |     1 |       ||     1
       Sleeping          |       |       |       |       |     2 ||     2
Armor: Scale mail        |     6 |     1 |       |       |       ||     7
       Chain mail        |       |     9 |    10 |    46 |       ||    65
       Swamp dragon scal |       |       |       |     6 |    79 ||    85
       Skin              |       |       |       |       |     2 ||     2
       Plate armour      |       |       |       |       |   115 ||   115
Dodge: Dodged            |    10 |     7 |     7 |    43 |   262 ||   329
Block: Buckler           |     1 |     3 |     7 |    46 |   171 ||   228

Table legend: (Time is in decaauts)
 A = Elapsed time spent in this place.
 B = Non-inter-level travel time spent in this place.
 C = Inter-level travel time spent in this place.
 D = Time resting spent in this place.
 E = Time spent auto-exploring this place.
 F = Levels seen in this place.
 G = Mean time per level.
                   A        B        C        D        E       F      G
               +--------+--------+--------+--------+--------+-----+--------+
         Total |   4492 |   4492 |      0 |   1622 |      0 |   1 | 4492.0 |
       Dungeon |   4492 |   4492 |      0 |   1622 |      0 |   1 | 4492.0 |
               +--------+--------+--------+--------+--------+-----+--------+

Top non-repeatable levels by time:
       D: 4492 daAuts
